Map: Deathaura LE

Players

Zest

  • Race: Protoss Protoss
  • Spawn Location: 11:00

Trap - Winner!

  • Race: Protoss Protoss
  • League: Master
  • Spawn Location: 5:00

Event: DreamHack SC2 Masters 2020 Winter

VOD

Have the link to the VOD?

Description

Time

  • Played on: Oct. 27, 2020, 6:41 a.m.
  • Length: 10:38

All games in this series

Show
View Real Time Build Order
Export as new Build Order

Zest Protoss 

Build Orders:  

Get SALT Encoding   

  12  0:00  Probe  
  13  0:12  Probe  
  14  0:17  Pylon  
  14  0:24  Probe (Chrono Boost)  
  15  0:36  Gateway, Probe (Chrono Boost)  
  16  0:44  Probe (Chrono Boost)  
  16  0:46  Assimilator  
  17  0:51  Probe  
  18  1:03  Probe (Chrono Boost)  
  19  1:04  Assimilator  
  19  1:08  Gateway  
  20  1:12  Probe (Chrono Boost)  
  20  1:17  Probe (Chrono Boost)  
  20  1:24  Cybernetics Core  
  21  1:29  Probe  
  22  1:37  Pylon  
  22  1:41  Probe  
  23  1:59  Warp Gate (Chrono Boost)  
  23  2:01  Stalker x2  
  27  2:16  Robotics Facility  
  27  2:31  Stalker  
  27  2:33  Stalker  
  31  2:41  Pylon  
  31  2:43  Gateway  
  31  2:59  Warp Prism (Chrono Boost)  
  33  3:16  Pylon  
  33  3:29  Observer  
  34  3:41  Stalker x3  
  40  3:43  Pylon  
  40  4:06  Stalker x3  
  46  4:10  Twilight Council  
  46  4:32  Stalker  
  46  4:33  Stalker x2  
  42  5:03  Stalker x3  
  46  5:29  Dark Shrine  
  46  5:39  Adept x2  
  50  5:45  Stalker  
  50  5:47  Pylon  
  52  6:08  Pylon  
  50  6:14  Stalker x3  
  50  6:15  Shield Battery  
  50  6:17  Shield Battery  
  54  6:43  Probe  
  44  6:54  Dark Templar, Observer  
  44  6:57  Dark Templar  
  44  6:59  Warp Prism (Chrono Boost)  
  45  7:27  Dark Templar  
  45  7:33  Nexus  
  45  7:55  Dark Templar  
  47  7:59  Probe (Chrono Boost)  
  47  8:03  Archon  
  47  8:05  Shield Battery  
  48  8:07  Dark Templar  
  48  8:08  Probe (Chrono Boost)  
  51  8:13  Probe (Chrono Boost)  
  51  8:16  Pylon  
  52  8:30  Probe  
  51  8:42  Probe  
  51  8:48  Dark Templar  
  54  8:50  Probe  
  55  9:00  Stalker  
  55  9:01  Stalker  
  59  9:03  Probe (Chrono Boost)  
  59  9:08  Probe (Chrono Boost)  
  63  9:17  Probe x2 (Chrono Boost)  
  63  9:21  Assimilator  
  63  9:23  Assimilator  
  59  9:28  Probe (Chrono Boost)  
  59  9:30  Dark Templar  
  61  9:32  Probe (Chrono Boost)  
  61  9:34  Archon  
  63  9:39  Probe (Chrono Boost)  
  63  9:41  Probe (Chrono Boost)  
  63  9:44  Probe (Chrono Boost)  
  65  9:46  Probe  
  66  9:55  Gateway  
  66  9:58  Gateway  
  66  10:01  Probe  
  67  10:11  Gateway  
  67  10:13  Gateway  
  67  10:15  Gateway  
  57  10:29  Gateway  
Show
View Real Time Build Order
Export as new Build Order

Trap Protoss - Winner!

Build Orders: 1 Gate Expand, Proxy Void Ray 

Get SALT Encoding   

  12  0:00  Probe  
  13  0:12  Probe  
  14  0:18  Pylon  
  14  0:24  Probe (Chrono Boost)  
  15  0:36  Probe (Chrono Boost)  
  15  0:37  Gateway  
  16  0:45  Probe (Chrono Boost)  
  16  0:46  Assimilator  
  17  0:50  Probe  
  18  1:03  Probe  
  20  1:21  Nexus  
  20  1:24  Probe  
  20  1:35  Cybernetics Core  
  20  1:37  Probe  
  21  1:44  Assimilator  
  21  1:49  Probe  
  22  1:55  Pylon  
  22  2:01  Probe  
  23  2:10  Stalker (Chrono Boost)  
  23  2:13  Warp Gate, Probe  
  26  2:25  Probe  
  27  2:32  Stargate  
  27  2:36  Stalker (Chrono Boost)  
  27  2:37  Probe  
  29  2:50  Shield Battery  
  29  2:58  Stalker  
  31  3:06  Void Ray (Chrono Boost)  
  31  3:11  Gateway  
  35  3:20  Shield Battery  
  35  3:23  Probe x2  
  37  3:29  Shield Battery  
  37  3:37  Void Ray (Chrono Boost)  
  39  3:59  Pylon  
  39  4:01  Zealot  
  41  4:03  Gateway  
  41  4:08  Probe x2  
  43  4:14  Zealot  
  45  4:19  Void Ray (Chrono Boost)  
  45  4:22  Shield Battery  
  49  4:33  Zealot  
  51  4:42  Stalker  
  53  4:45  Shield Battery  
  53  4:58  Void Ray (Chrono Boost)  
  49  5:05  Cybernetics Core  
  53  5:18  Pylon  
  53  5:22  Pylon  
  53  5:29  Void Ray (Chrono Boost)  
  53  5:38  Pylon  
  53  5:43  Stalker, Zealot  
  57  5:52  Adept  
  57  5:57  Probe x2  
  52  6:11  Probe x2  
  52  6:17  Robotics Facility  
  54  6:29  Stalker  
  54  6:30  Stalker  
  54  6:31  Zealot  
  60  6:42  Oracle (Chrono Boost)  
  60  6:44  Probe x2  
  55  7:01  Zealot  
  57  7:03  Probe x2  
  59  7:09  Oracle (Chrono Boost)  
  60  7:18  Stalker  
  60  7:19  Zealot  
  60  7:21  Probe x2  
  62  7:30  Assimilator  
  62  7:42  Stalker x2  
  62  7:43  Probe x2  
  65  7:55  Probe  
  65  7:56  Probe  
  67  8:01  Robotics Facility  
  67  8:04  Pylon  
  67  8:08  Probe x2  
  69  8:15  Stalker x2  
  73  8:21  Probe x2  
  73  8:23  Pylon  
  74  8:35  Probe x2  
  74  8:40  Pylon  
  74  8:44  Pylon, Twilight Council  
  74  8:49  Probe x2  
  74  8:51  Observer (Chrono Boost)  
  77  8:58  Immortal (Chrono Boost)  
  77  9:03  Probe (Chrono Boost)  
  77  9:05  Forge  
  77  9:07  Assimilator, Probe (Chrono Boost)  
  83  9:15  Probe (Chrono Boost)  
  85  9:19  Probe (Chrono Boost)  
  85  9:22  Probe (Chrono Boost)  
  86  9:27  Probe  
  84  9:31  Immortal  
  88  9:43  Gateway  
  88  9:44  Gateway  
  88  9:53  Stalker x3  
  88  9:56  Probe  
  90  10:23  Templar Archives  
  90  10:27  Nexus  
  92  10:29  Sentry x2  
  92  10:31  Pylon  
Tags
 
Add a new tag
Caveats
  • Supply blocks, unpowered buildings, or Contaminate may cause inaccurate times.
  • Supply counts are checked every 10 seconds.